Heat vs Eagles
(R4)
Created - May 18, 2021 at 19:07
Goals
|
Heat |
1 |
3 |
1 |
5 |
Eagles |
0 |
1 |
3 |
4 |
|
Shots
|
Heat |
4 |
14 |
18 |
36 |
Eagles |
7 |
8 |
13 |
28 |
|
1st period
1. Heat , Kevin Labanc 2 (Matthew Nieto 4) at 11:15
Penalties :
Jonathan Racine (Col) for Tripping (Minor) at 2:43, Xavier Ouellet (Col) for Goalie Interference (Minor) at 7:20, Philip Varone (Sto) for Hooking (Minor) at 11:37, Ryan Spooner (Sto) for Tripping (Minor) at 13:26, Jake DeBrusk (Sto) for Roughing (Minor) at 15:30, Dmitrij Jaskin (Col) for Roughing (Minor) at 19:16
2nd period
2. Heat , Tanner Pearson 3 (Philip Varone 4) at 3:57
3. Heat , Tanner Pearson 4 (Chris Brown 1, Greg Pateryn 2) at 6:02
4. Heat , Tanner Pearson 5 (Mathieu Brodeur 1) at 11:20 (PP)
5. Eagles , Vincent Trocheck 4 (Mark Mancari 2, Daniel Carr 4) at 13:27 (PP)
Penalties :
Philip Varone (Sto) for Interference (Minor) at 6:09, Greg Pateryn (Sto) for Hooking (Minor) at 9:13, Tyler Motte (Col) for Hooking (Minor) at 10:25, Jonathan Marchessault (Col) for Fighting (Major) at 12:28, Victor Rask (Sto) for Fighting (Major) at 12:28, Philip Varone (Sto) for Diving (Minor) at 13:13, Jarred Tinordi (Col) for Roughing (Minor) at 13:43, Anthony Duclair (Col) for Holding (Minor) at 18:27
3rd period
6. Eagles , Vincent Trocheck 5 (Daniel Carr 5, Mark Mancari 3) at 4:00
7. Eagles , Daniel Carr 1 (Vincent Trocheck 2, Joel Edmundson 1) at 4:10
8. Eagles , Zach Aston-Reese 1 (Nick Cousins 2, Thomas Chabot 1) at 6:40
9. Heat , Philip Varone 3 (Bryan Rust 2, Tanner Pearson 2) at 15:00 (PP)
Penalties :
Bryan Rust (Sto) for Tripping (Minor) at 4:19, Bryan Rust (Sto) for Holding (Minor) at 7:02, Nick Cousins (Col) for Hooking (Minor) at 14:12, Ryan Murphy (Col) for Roughing (Minor) at 18:30
Goalie Stats
Antti Raanta (Sto), 24 saves from 28 shots - (0.857), W, 2-0-0, 60:00 minutes
Darcy Kuemper (Col), 22 saves from 23 shots - (0.957), L, 0-2-0, 28:40 minutes
Marek Mazanek (Col), 9 saves from 13 shots - (0.692), 31:20 minutes
Players Stats for Heat
Player Name G A P +/- PIM S H SB GA TA FO MP PP MP PK MP
------------------------------------------------------------------------------------
Barclay Goodrow 0 0 0 0 0 1 0 0 1 0 0/0 7:43 0:00 0:00
Bryan Rust 0 1 1 0 4 7 0 0 2 0 0/2 23:58 8:02 5:02
Chris Brown 0 1 1 0 0 1 1 1 0 0 1/2 11:06 0:26 2:39
Colby Cohen 0 0 0 2 0 0 1 1 0 0 0/0 8:33 0:27 0:28
David Savard 0 0 0 -1 0 2 5 1 0 0 0/0 30:04 7:38 7:32
Esa Lindell 0 0 0 -1 0 4 2 2 2 0 0/0 30:04 7:38 7:32
Evgeny Svechnikov 0 0 0 -1 0 0 1 0 0 0 0/0 6:53 0:06 0:00
Greg Pateryn 0 1 1 -1 2 3 1 4 0 0 0/0 21:30 4:23 5:10
Jake DeBrusk 0 0 0 -1 2 2 1 1 0 0 1/4 11:54 0:03 4:59
Kevin Labanc 1 0 1 1 0 2 1 1 0 0 0/0 12:54 4:04 0:00
Mathieu Brodeur 0 1 1 -1 0 1 1 1 0 0 0/0 22:18 4:17 5:38
Matthew Nieto 0 1 1 1 0 1 1 0 0 0 0/0 14:46 4:04 1:34
Peter Cehlarik 0 0 0 0 0 1 1 0 0 0 0/0 7:43 0:00 0:00
Philip Varone 1 1 2 1 6 3 4 1 0 1 21/46 23:01 7:52 5:05
Rasmus Andersson 0 0 0 2 0 1 0 0 0 1 0/0 7:38 0:25 0:00
Ryan Spooner 0 0 0 -2 2 2 1 0 1 0 2/7 10:07 0:00 2:54
Tanner Pearson 3 1 4 0 0 5 2 0 0 1 0/0 22:00 8:13 3:39
Tyler Shattock 0 0 0 0 0 0 0 0 0 0 0/0 1:13 0:45 0:00
Victor Rask 0 0 0 1 5 0 0 1 2 0 2/6 12:19 3:17 0:17
Players Stats for Eagles
Player Name G A P +/- PIM S H SB GA TA FO MP PP MP PK MP
------------------------------------------------------------------------------------
Anthony Duclair 0 0 0 -1 2 3 1 0 0 0 0/1 20:10 6:03 0:54
Connor Carrick 0 0 0 -1 0 0 0 0 0 1 0/0 6:34 0:00 0:00
Daniel Carr 1 2 3 0 0 3 3 0 0 1 1/2 26:54 6:42 7:43
Dmitrij Jaskin 0 0 0 -1 2 1 1 1 1 1 1/1 19:06 6:03 0:00
Drake Caggiula 0 0 0 1 0 0 1 0 1 0 2/5 7:57 0:00 0:00
Jared McCann 0 0 0 0 0 0 0 0 0 0 0/1 3:22 0:25 0:00
Jarred Tinordi 0 0 0 0 2 4 1 3 0 1 0/0 29:33 6:43 7:28
Joel Edmundson 0 1 1 0 0 1 2 4 0 1 0/0 30:43 6:43 8:37
John Ramage 0 0 0 1 0 0 0 1 0 1 0/0 20:52 6:27 3:39
Jonathan Marchessault 0 0 0 -1 5 2 1 0 1 2 6/9 19:43 6:03 2:56
Jonathan Racine 0 0 0 0 2 0 0 1 0 0 0/0 2:39 0:00 0:00
Mark Mancari 0 2 2 0 0 3 3 1 0 0 3/3 20:31 6:42 3:43
Nick Cousins 0 1 1 1 2 0 2 0 0 0 0/1 11:03 0:25 1:36
Ryan Murphy 0 0 0 1 2 0 0 2 0 0 0/0 20:34 6:27 3:22
Thomas Chabot 0 1 1 -1 0 2 0 0 0 0 0/0 8:26 0:00 1:30
Tyler Motte 0 0 0 0 2 0 0 0 0 0 0/0 0:26 0:24 0:00
Vincent Trocheck 2 1 3 0 0 8 2 0 0 0 26/40 26:43 6:42 7:48
Xavier Ouellet 0 0 0 0 2 0 0 0 0 0 0/0 2:25 0:00 0:04
Zach Aston-Reese 1 0 1 1 0 1 1 0 0 0 1/4 9:03 0:00 0:00
3 Stars
1 - Tanner Pearson (Sto)
2 - Vincent Trocheck (Col)
3 - Daniel Carr (Col)
Power Play
Heat - 2 on 8 Attempt(s) - 25.00%
Eagles - 1 on 8 Attempt(s) - 12.50%
Penalty Kill
Heat - 7 on 8 Attempt(s) - 87.50%
- Score 0 goal in Penalty Kill
Eagles - 6 on 8 Attempt(s) - 75.00%
- Score 0 goal in Penalty Kill
Team Stat
Heat - Hits : 23 - Faceoff Wins : 27 - Blocked Shots : 14 - Penalty Minutes : 21
Eagles - Hits : 18 - Faceoff Wins : 40 - Blocked Shots : 13 - Penalty Minutes : 21
Official
Referees : Unknown
Linesman : Unknown
Game Notes
Tanner Pearson has scored a Hat Trick!
Darcy Kuemper enters game at 11:20 of 2nd period
Jonathan Marchessault and Victor Rask fight to a draw at 12:28 of 2nd period
Finance
Level 1 -- Attendance: 2000 (100.00%) -- Ticket Income $70,000
Level 2 -- Attendance: 1000 (100.00%) -- Ticket Income $17,000
Total Attendance: 3000 (100.00%)
Total Ticket Income: $87,000
Other Income: $4,350
Total Income: $91,350
Heat
5 vs 5 Forward
Center Left Wing Right Wing Time % Phy DF OF
1 Philip Varone Tanner Pearson Bryan Rust 40 1 2 2
2 Victor Rask Matthew Nieto Kevin Labanc 30 1 2 2
3 Ryan Spooner Jake DeBrusk Evgeny Svechnikov 20 1 2 2
4 Chris Brown Peter Cehlarik Barclay Goodrow 10 1 2 2
5 vs 5 Defense
Defense Defense Time % Phy DF OF
1 David Savard Esa Lindell 40 1 2 2
2 Greg Pateryn Mathieu Brodeur 30 1 2 2
3 Colby Cohen Rasmus Andersson 20 1 2 2
4 Greg Pateryn Mathieu Brodeur 10 1 2 2
PowerPlay Forward
Center Left Wing Right Wing Time % Phy DF OF
1 Philip Varone Tanner Pearson Bryan Rust 60 1 2 2
2 Victor Rask Matthew Nieto Kevin Labanc 40 1 2 2
PowerPlay Defense
Defense Defense Time % Phy DF OF
1 David Savard Esa Lindell 60 1 2 2
2 Greg Pateryn Mathieu Brodeur 40 1 2 2
Penalty Kill 4 Players Forward
Center Wing Time % Phy DF OF
1 Philip Varone Bryan Rust 60 1 2 2
2 Ryan Spooner Tanner Pearson 40 1 2 2
Penalty Kill 4 Players Defense
Defense Defense Time % Phy DF OF
1 David Savard Esa Lindell 60 1 2 2
2 Greg Pateryn Mathieu Brodeur 40 1 2 2
Penalty Kill - 3 Players Forward
Forward Time % Phy DF OF
1 Bryan Rust 60 1 2 2
2 Philip Varone 40 1 2 2
Penalty Kill - 3 Players Defense
Defense Defense Time % Phy DF OF
1 David Savard Esa Lindell 60 1 2 2
2 Greg Pateryn Mathieu Brodeur 40 1 2 2
4 vs 4 Forward
Center Wing Time % Phy DF OF
1 Philip Varone Bryan Rust 60 1 2 2
2 Victor Rask Tanner Pearson 40 1 2 2
4 vs 4 Defense
Defense Defense Time % Phy DF OF
1 David Savard Esa Lindell 60 1 2 2
2 Greg Pateryn Mathieu Brodeur 40 1 2 2
Last Minutes Offensive
Center Left Wing Right Wing Defense Defense
Philip Varone Tanner Pearson Bryan Rust David Savard Esa Lindell
Last Minutes Defensive
Center Left Wing Right Wing Defense Defense
Philip Varone Tanner Pearson Bryan Rust David Savard Esa Lindell
Goaltenders
Starting : Antti Raanta
Backup : Michael Hutchinson
Extra Forwards
Normal : Tyler Shattock, Matthew Nieto, Jake DeBrusk - PP : Tyler Shattock, Matthew Nieto - PK : Jake DeBrusk
Extra Defensemen
Normal : Mathieu Brodeur, Colby Cohen, Rasmus Andersson - PP : Rasmus Andersson - PK : Mathieu Brodeur, Colby Cohen
Penalty Shots
Tanner Pearson, Bryan Rust, Philip Varone, Matthew Nieto, Jake DeBrusk
Scratches
Frank Corrado (Healthy), Christian Jaros (Healthy), Trevor Carrick (Healthy), Petteri Lindbohm (Healthy), Alexander True (Healthy)
Eric Karlsson (Healthy), John Gilmour (Healthy), Ryan Donato (Healthy), Vladislav Kamenev (Healthy), Dominik Masin (Healthy)
Brandon Hickey (Healthy), Nathan Lieuwen (Healthy), Vitek Vanecek (Healthy)
Eagles
5 vs 5 Forward
Center Left Wing Right Wing Time % Phy DF OF
1 Vincent Trocheck Daniel Carr Mark Mancari 40 1 2 2
2 Jonathan Marchessault Anthony Duclair Dmitrij Jaskin 30 1 2 2
3 Drake Caggiula Zach Aston-Reese Nick Cousins 20 1 2 2
4 Zach Aston-Reese Vincent Trocheck Daniel Carr 10 1 2 2
5 vs 5 Defense
Defense Defense Time % Phy DF OF
1 Joel Edmundson Jarred Tinordi 40 1 2 2
2 John Ramage Ryan Murphy 30 1 2 2
3 Connor Carrick Thomas Chabot 20 1 2 2
4 Xavier Ouellet Jonathan Racine 10 1 2 2
PowerPlay Forward
Center Left Wing Right Wing Time % Phy DF OF
1 Vincent Trocheck Daniel Carr Mark Mancari 60 1 2 2
2 Jonathan Marchessault Anthony Duclair Dmitrij Jaskin 40 1 2 2
PowerPlay Defense
Defense Defense Time % Phy DF OF
1 Joel Edmundson Jarred Tinordi 60 1 2 2
2 John Ramage Ryan Murphy 40 1 2 2
Penalty Kill 4 Players Forward
Center Wing Time % Phy DF OF
1 Vincent Trocheck Daniel Carr 60 1 2 2
2 Mark Mancari Jonathan Marchessault 40 1 2 2
Penalty Kill 4 Players Defense
Defense Defense Time % Phy DF OF
1 Joel Edmundson Jarred Tinordi 60 1 2 2
2 John Ramage Ryan Murphy 40 1 2 2
Penalty Kill - 3 Players Forward
Forward Time % Phy DF OF
1 Vincent Trocheck 60 1 2 2
2 Daniel Carr 40 1 2 2
Penalty Kill - 3 Players Defense
Defense Defense Time % Phy DF OF
1 Joel Edmundson Jarred Tinordi 60 1 2 2
2 John Ramage Ryan Murphy 40 1 2 2
4 vs 4 Forward
Center Wing Time % Phy DF OF
1 Vincent Trocheck Daniel Carr 60 1 2 2
2 Mark Mancari Jonathan Marchessault 40 1 2 2
4 vs 4 Defense
Defense Defense Time % Phy DF OF
1 Joel Edmundson Jarred Tinordi 60 1 2 2
2 John Ramage Ryan Murphy 40 1 2 2
Last Minutes Offensive
Center Left Wing Right Wing Defense Defense
Vincent Trocheck Daniel Carr Mark Mancari Joel Edmundson Jarred Tinordi
Last Minutes Defensive
Center Left Wing Right Wing Defense Defense
Vincent Trocheck Daniel Carr Mark Mancari Joel Edmundson Jarred Tinordi
Goaltenders
Starting : Marek Mazanek
Backup : Darcy Kuemper
Extra Forwards
Normal : Jared McCann, Tyler Motte, Nick Cousins - PP : Jared McCann, Tyler Motte - PK : Nick Cousins
Extra Defensemen
Normal : Connor Carrick, Thomas Chabot, Xavier Ouellet - PP : Connor Carrick - PK : Thomas Chabot, Xavier Ouellet
Penalty Shots
Vincent Trocheck, Daniel Carr, Mark Mancari, Jonathan Marchessault, Dmitrij Jaskin
Scratches
Dominik Kubalik (Healthy), Josh Archibald (Healthy), Joseph Blandisi (Abdomen/Ribs Injury), Chris Calhan (Healthy), Erik Condra (Torn Left MCL Injury)
Mark Friedman (Healthy), Michael Dal Colle (Healthy), Matteson Iacopelli (Healthy), Adin Hill (Healthy), Antoine Bibeau (Healthy)
% Time on Ice - Heat
Lines # - Real PCT - Wanted PCT - Time Play
Normal Forward
1 - 30% - 40% - 10:02
2 - 27% - 30% - 9:12
3 - 20% - 20% - 6:46
4 - 23% - 10% - 7:43
Normal Defense
1 - 43% - 40% - 14:32
2 - 33% - 30% - 11:15
3 - 21% - 20% - 7:13
4 - 2% - 10% - 0:43
PP Forward
1 - 66% - 60% - 8:08
2 - 34% - 40% - 4:12
PP Defense
1 - 65% - 60% - 8:03
2 - 35% - 40% - 4:17
PK Forward
1 - 72% - 60% - 9:21
2 - 28% - 40% - 3:39
PK Defense
1 - 58% - 60% - 7:32
2 - 42% - 40% - 5:28
PK3 Forward
1 - 100% - 60% - 0:10
2 - 0% - 40% - 0:00
PK3 Defense
1 - 0% - 60% - 0:00
2 - 100% - 40% - 0:10
44 Forward
1 - 81% - 60% - 0:38
2 - 19% - 40% - 0:09
44 Defense
1 - 47% - 60% - 0:22
2 - 53% - 40% - 0:25
Last Minute Offensive - 0:00
Last Minute Defensive - 0:00
Total
Forward - 60:00
Defense - 60:00
|
% Time on Ice - Eagles
Lines # - Real PCT - Wanted PCT - Time Play
Normal Forward
1 - 33% - 40% - 11:14
2 - 40% - 30% - 13:26
3 - 24% - 20% - 7:57
4 - 3% - 10% - 1:06
Normal Defense
1 - 44% - 40% - 14:46
2 - 31% - 30% - 10:36
3 - 19% - 20% - 6:34
4 - 5% - 10% - 1:47
PP Forward
1 - 53% - 60% - 6:59
2 - 47% - 40% - 6:11
PP Defense
1 - 51% - 60% - 6:43
2 - 49% - 40% - 6:27
PK Forward
1 - 70% - 60% - 8:37
2 - 30% - 40% - 3:43
PK Defense
1 - 70% - 60% - 8:37
2 - 30% - 40% - 3:43
PK3 Forward
1 - 0% - 60%
2 - 0% - 40%
PK3 Defense
1 - 0% - 60%
2 - 0% - 40%
44 Forward
1 - 79% - 60% - 0:37
2 - 21% - 40% - 0:10
44 Defense
1 - 79% - 60% - 0:37
2 - 21% - 40% - 0:10
Last Minute Offensive - 0:00
Last Minute Defensive - 0:00
Total
Forward - 60:00
Defense - 60:00
|
Play-by-Play
1st period
0:01 of 1st period - Philip Varone wins face-off versus Vincent Trocheck in neutral zone.
0:45 of 1st period - Zach Aston-Reese is hit by David Savard and loses puck.
1:29 of 1st period - Snap shot by Jonathan Marchessault.
1:29 of 1st period - Shot Blocked by Philip Varone.
2:01 of 1st period - Slapshot by Jake DeBrusk.
2:01 of 1st period - Stopped by Marek Mazanek without a rebound.
2:02 of 1st period - Jonathan Marchessault wins face-off versus Ryan Spooner in Eagles zone.
2:09 of 1st period - Snap shot by Anthony Duclair.
2:09 of 1st period - Shot Misses the Net.
2:11 of 1st period - Slapshot by Jarred Tinordi.
2:11 of 1st period - Shot Misses the Net.
2:13 of 1st period - Wrist shot by Jarred Tinordi.
2:13 of 1st period - Stopped by Antti Raanta with a rebound.
2:23 of 1st period - Daniel Carr is hit by Philip Varone and loses puck.
2:32 of 1st period - Icing by Bryan Rust.
2:33 of 1st period - Philip Varone wins face-off versus Drake Caggiula in Heat zone.
2:33 of 1st period - Philip Varone is hit by Nick Cousins.
2:41 of 1st period - Snap shot by Bryan Rust.
2:41 of 1st period - Shot Misses the Net.
2:43 of 1st period - Minor Penalty to Jonathan Racine for Tripping.
2:44 of 1st period - Vincent Trocheck wins face-off versus Philip Varone in Eagles zone.
2:53 of 1st period - Wrist shot by Tanner Pearson.
2:53 of 1st period - Shot Misses the Net.
3:21 of 1st period - Slapshot by Esa Lindell.
3:21 of 1st period - Shot Misses the Net.
4:11 of 1st period - David Savard is hit by Mark Mancari and loses puck.
4:43 of 1st period - Penalty to Jonathan Racine is over, Jonathan Racine is back on ice.
5:29 of 1st period - Vincent Trocheck is hit by Colby Cohen.
5:59 of 1st period - Tanner Pearson is hit by Drake Caggiula and loses puck.
6:26 of 1st period - Joel Edmundson is hit by Matthew Nieto and loses puck.
7:01 of 1st period - Thomas Chabot is hit by Evgeny Svechnikov.
7:20 of 1st period - Minor Penalty to Xavier Ouellet for Goalie Interference.
7:21 of 1st period - Mark Mancari wins face-off versus Philip Varone in Eagles zone.
9:20 of 1st period - Penalty to Xavier Ouellet is over, Xavier Ouellet is back on ice.
9:32 of 1st period - Icing by Jarred Tinordi.
9:33 of 1st period - Ryan Spooner wins face-off versus Nick Cousins in Eagles zone.
9:40 of 1st period - Wrist shot by Daniel Carr.
9:40 of 1st period - Shot Misses the Net.
9:42 of 1st period - Slapshot by Jarred Tinordi.
9:42 of 1st period - Stopped by Antti Raanta with a rebound.
10:30 of 1st period - Snap shot by Vincent Trocheck.
10:30 of 1st period - Stopped by Antti Raanta with a rebound.
10:51 of 1st period - Icing by Matthew Nieto.
10:52 of 1st period - Jonathan Marchessault wins face-off versus Victor Rask in Heat zone.
11:15 of 1st period - Snap shot by Kevin Labanc.
11:15 of 1st period - Goal by Kevin Labanc - Heat : 1 - Eagles : 0.
11:16 of 1st period - Vincent Trocheck wins face-off versus Philip Varone in neutral zone.
11:37 of 1st period - Minor Penalty to Philip Varone for Hooking.
11:38 of 1st period - Vincent Trocheck wins face-off versus Jake DeBrusk in Heat zone.
11:41 of 1st period - Wrist shot by Vincent Trocheck.
11:41 of 1st period - Shot Blocked by Esa Lindell.
11:43 of 1st period - Snap shot by Daniel Carr.
11:43 of 1st period - Stopped by Antti Raanta with a rebound.
11:45 of 1st period - Slapshot by Jarred Tinordi.
11:45 of 1st period - Stopped by Antti Raanta with a rebound.
11:53 of 1st period - Slapshot by Vincent Trocheck.
11:53 of 1st period - Stopped by Antti Raanta with a rebound.
12:23 of 1st period - Bryan Rust is hit by Daniel Carr and loses puck.
12:44 of 1st period - Wrist shot by Chris Brown.
12:44 of 1st period - Stopped by Marek Mazanek with a rebound.
13:26 of 1st period - Minor Penalty to Ryan Spooner for Tripping.
13:27 of 1st period - Dmitrij Jaskin wins face-off versus Bryan Rust in Heat zone.
13:28 of 1st period - Snap shot by Jonathan Marchessault.
13:28 of 1st period - Shot Blocked by Greg Pateryn.
13:37 of 1st period - Penalty to Philip Varone is over, Philip Varone is back on ice.
15:14 of 1st period - Jake DeBrusk is hit by Joel Edmundson.
15:26 of 1st period - Penalty to Ryan Spooner is over, Ryan Spooner is back on ice.
15:30 of 1st period - Minor Penalty to Jake DeBrusk for Roughing.
15:31 of 1st period - Vincent Trocheck wins face-off versus Philip Varone in Heat zone.
15:38 of 1st period - Snap shot by Mark Mancari.
15:38 of 1st period - Shot Misses the Net.
15:40 of 1st period - Snap shot by Mark Mancari.
15:40 of 1st period - Deflect By Vincent Trocheck.
15:40 of 1st period - Shot Misses the Net.
15:40 of 1st period - Puck is out of play.
15:41 of 1st period - Vincent Trocheck wins face-off versus Philip Varone in Heat zone.
15:42 of 1st period - Wrist shot by Mark Mancari.
15:42 of 1st period - Stopped by Antti Raanta without a rebound.
15:43 of 1st period - Philip Varone wins face-off versus Vincent Trocheck in Heat zone.
15:58 of 1st period - Backhand shot by Vincent Trocheck.
15:58 of 1st period - Shot Blocked by Esa Lindell.
16:08 of 1st period - Jonathan Marchessault is hit by David Savard and loses puck.
16:17 of 1st period - Slapshot by Ryan Murphy.
16:17 of 1st period - Deflect By Dmitrij Jaskin.
16:17 of 1st period - Shot Misses the Net.
16:17 of 1st period - Puck is out of play.
16:18 of 1st period - Philip Varone wins face-off versus Vincent Trocheck in Heat zone.
16:29 of 1st period - Greg Pateryn is hit by Mark Mancari and loses puck.
17:24 of 1st period - Joel Edmundson is hit by Philip Varone and loses puck.
17:30 of 1st period - Penalty to Jake DeBrusk is over, Jake DeBrusk is back on ice.
17:39 of 1st period - Wrist shot by Matthew Nieto.
17:39 of 1st period - Shot Misses the Net.
18:00 of 1st period - Nick Cousins is hit by Chris Brown and loses puck.
18:27 of 1st period - Snap shot by Ryan Spooner.
18:27 of 1st period - Shot Blocked by Jonathan Racine.
18:29 of 1st period - Slapshot by Greg Pateryn.
18:29 of 1st period - Stopped by Marek Mazanek without a rebound.
18:30 of 1st period - Vincent Trocheck wins face-off versus Victor Rask in Eagles zone.
18:36 of 1st period - Off-side.
18:37 of 1st period - Jonathan Marchessault wins face-off versus Victor Rask in neutral zone.
18:56 of 1st period - Kevin Labanc is hit by Dmitrij Jaskin and loses puck.
19:16 of 1st period - Minor Penalty to Dmitrij Jaskin for Roughing.
19:17 of 1st period - Vincent Trocheck wins face-off versus Philip Varone in Eagles zone.
Goals for this period are 1 for Heat vs 0 for Eagles.
Shots for this period are 4 for Heat vs 7 for Eagles.
2nd period
0:01 of 2nd period - Philip Varone wins face-off versus Vincent Trocheck in neutral zone.
0:08 of 2nd period - Wrist shot by Philip Varone.
0:08 of 2nd period - Stopped by Marek Mazanek with a rebound.
0:10 of 2nd period - Slapshot by Esa Lindell.
0:10 of 2nd period - Stopped by Marek Mazanek with a rebound.
0:12 of 2nd period - Slapshot by David Savard.
0:12 of 2nd period - Stopped by Marek Mazanek with a rebound.
0:14 of 2nd period - Wrist shot by Bryan Rust.
0:14 of 2nd period - Stopped by Marek Mazanek with a rebound.
0:16 of 2nd period - Slapshot by David Savard.
0:16 of 2nd period - Deflect By Bryan Rust.
0:16 of 2nd period - Shot Misses the Net.
0:16 of 2nd period - Puck is out of play.
0:17 of 2nd period - Vincent Trocheck wins face-off versus Victor Rask in Eagles zone.
0:21 of 2nd period - Jarred Tinordi is hit by Esa Lindell and loses puck.
0:42 of 2nd period - Joel Edmundson is hit by Philip Varone and loses puck.
1:16 of 2nd period - Penalty to Dmitrij Jaskin is over, Dmitrij Jaskin is back on ice.
2:10 of 2nd period - Wrist shot by Dmitrij Jaskin.
2:10 of 2nd period - Stopped by Antti Raanta with a rebound.
2:36 of 2nd period - Wrist shot by Matthew Nieto.
2:36 of 2nd period - Shot Blocked by Joel Edmundson.
3:14 of 2nd period - Jonathan Marchessault is hit by Greg Pateryn and loses puck.
3:41 of 2nd period - Wrist shot by Peter Cehlarik.
3:41 of 2nd period - Shot Blocked by Ryan Murphy.
3:53 of 2nd period - Slapshot by Tanner Pearson.
3:53 of 2nd period - Shot Misses the Net.
3:55 of 2nd period - Wrist shot by Bryan Rust.
3:55 of 2nd period - Stopped by Marek Mazanek without a rebound.
3:56 of 2nd period - Philip Varone wins face-off versus Vincent Trocheck in Eagles zone.
3:57 of 2nd period - Wrist shot by Tanner Pearson.
3:57 of 2nd period - Goal by Tanner Pearson - Heat : 2 - Eagles : 0.
3:58 of 2nd period - Philip Varone wins face-off versus Vincent Trocheck in neutral zone.
4:33 of 2nd period - Off-side.
4:34 of 2nd period - Mark Mancari wins face-off versus Bryan Rust in neutral zone.
4:41 of 2nd period - Snap shot by Vincent Trocheck.
4:41 of 2nd period - Stopped by Antti Raanta with a rebound.
5:01 of 2nd period - Jonathan Marchessault is hit by Mathieu Brodeur and loses puck.
5:20 of 2nd period - Wrist shot by Barclay Goodrow.
5:20 of 2nd period - Deflect By Joel Edmundson.
5:20 of 2nd period - Stopped by Marek Mazanek with a rebound.
5:40 of 2nd period - Snap shot by Mark Mancari.
5:40 of 2nd period - Shot Misses the Net.
5:42 of 2nd period - Wrist shot by Vincent Trocheck.
5:42 of 2nd period - Shot Hit the Post.
6:02 of 2nd period - Slapshot by Tanner Pearson.
6:02 of 2nd period - Goal by Tanner Pearson - Heat : 3 - Eagles : 0.
6:03 of 2nd period - Vincent Trocheck wins face-off versus Philip Varone in neutral zone.
6:09 of 2nd period - Minor Penalty to Philip Varone for Interference.
6:10 of 2nd period - Vincent Trocheck wins face-off versus Jake DeBrusk in Heat zone.
6:24 of 2nd period - Wrist shot by Vincent Trocheck.
6:24 of 2nd period - Stopped by Antti Raanta with a rebound.
6:36 of 2nd period - Dmitrij Jaskin is hit by David Savard and loses puck.
7:02 of 2nd period - Jake DeBrusk is hit by Vincent Trocheck and loses puck.
8:09 of 2nd period - Penalty to Philip Varone is over, Philip Varone is back on ice.
8:57 of 2nd period - Chris Brown is hit by Nick Cousins and loses puck.
9:13 of 2nd period - Minor Penalty to Greg Pateryn for Hooking.
9:14 of 2nd period - Philip Varone wins face-off versus Jonathan Marchessault in Heat zone.
10:25 of 2nd period - Minor Penalty to Tyler Motte for Hooking.
10:26 of 2nd period - Philip Varone wins face-off versus Daniel Carr in Eagles zone.
11:13 of 2nd period - Penalty to Greg Pateryn is over, Greg Pateryn is back on ice.
11:13 of 2nd period - Mark Mancari is hit by Tanner Pearson and loses puck.
11:18 of 2nd period - Wrist shot by Tanner Pearson.
11:18 of 2nd period - Shot Blocked by Ryan Murphy.
11:20 of 2nd period - Snap shot by Tanner Pearson.
11:20 of 2nd period - Goal by Tanner Pearson - Heat : 4 - Eagles : 0.
11:20 of 2nd period - Darcy Kuemper enters game.
11:21 of 2nd period - Jonathan Marchessault wins face-off versus Philip Varone in neutral zone.
11:32 of 2nd period - Dmitrij Jaskin is hit by David Savard and loses puck.
11:57 of 2nd period - Slapshot by Mark Mancari.
11:57 of 2nd period - Stopped by Antti Raanta without a rebound.
11:58 of 2nd period - Philip Varone wins face-off versus Vincent Trocheck in Heat zone.
11:58 of 2nd period - Philip Varone is hit by Mark Mancari.
12:09 of 2nd period - Slapshot by Mark Mancari.
12:09 of 2nd period - Stopped by Antti Raanta with a rebound.
12:11 of 2nd period - Wrist shot by Daniel Carr.
12:11 of 2nd period - Shot Misses the Net.
12:20 of 2nd period - Icing by Philip Varone.
12:21 of 2nd period - Philip Varone wins face-off versus Jonathan Marchessault in Heat zone.
12:21 of 2nd period - Philip Varone is hit by Jonathan Marchessault.
12:28 of 2nd period - Jonathan Marchessault and Victor Rask fight to a draw.
12:28 of 2nd period - Penalty to Jonathan Marchessault for Fighting.
12:28 of 2nd period - Penalty to Victor Rask for Fighting.
12:29 of 2nd period - Vincent Trocheck wins face-off versus Philip Varone in neutral zone.
12:31 of 2nd period - Jarred Tinordi is hit by Esa Lindell.
13:13 of 2nd period - Minor Penalty to Philip Varone for Diving.
13:14 of 2nd period - Vincent Trocheck wins face-off versus Jake DeBrusk in Heat zone.
13:21 of 2nd period - Slapshot by Daniel Carr.
13:21 of 2nd period - Shot Blocked by Jake DeBrusk.
13:23 of 2nd period - Wrist shot by Mark Mancari.
13:23 of 2nd period - Shot Misses the Net.
13:25 of 2nd period - Snap shot by Vincent Trocheck.
13:25 of 2nd period - Stopped by Antti Raanta with a rebound.
13:27 of 2nd period - Wrist shot by Vincent Trocheck.
13:27 of 2nd period - Goal by Vincent Trocheck - Heat : 4 - Eagles : 1.
13:28 of 2nd period - Vincent Trocheck wins face-off versus Philip Varone in neutral zone.
13:33 of 2nd period - Wrist shot by Daniel Carr.
13:33 of 2nd period - Stopped by Antti Raanta with a rebound.
13:43 of 2nd period - Minor Penalty to Jarred Tinordi for Roughing.
13:44 of 2nd period - Philip Varone wins face-off versus Vincent Trocheck in Eagles zone.
14:41 of 2nd period - Icing by Chris Brown.
14:42 of 2nd period - Mark Mancari wins face-off versus Chris Brown in Heat zone.
15:07 of 2nd period - Tanner Pearson is hit by Daniel Carr and loses puck.
15:30 of 2nd period - Icing by Philip Varone.
15:31 of 2nd period - Vincent Trocheck wins face-off versus Philip Varone in Heat zone.
15:42 of 2nd period - Slapshot by Esa Lindell.
15:42 of 2nd period - Stopped by Darcy Kuemper with a rebound.
15:43 of 2nd period - Penalty to Jarred Tinordi is over, Jarred Tinordi is back on ice.
15:44 of 2nd period - Snap shot by Matthew Nieto.
15:44 of 2nd period - Shot Misses the Net.
16:04 of 2nd period - Slapshot by Mathieu Brodeur.
16:04 of 2nd period - Stopped by Darcy Kuemper without a rebound.
16:05 of 2nd period - Chris Brown wins face-off versus Jared McCann in Eagles zone.
16:22 of 2nd period - Ryan Murphy is hit by Peter Cehlarik and loses puck.
16:50 of 2nd period - Wrist shot by Dmitrij Jaskin.
16:50 of 2nd period - Shot Misses the Net.
18:05 of 2nd period - Mathieu Brodeur is hit by Anthony Duclair and loses puck.
18:27 of 2nd period - Minor Penalty to Anthony Duclair for Holding.
18:28 of 2nd period - Vincent Trocheck wins face-off versus Philip Varone in Eagles zone.
18:43 of 2nd period - Slapshot by Bryan Rust.
18:43 of 2nd period - Stopped by Darcy Kuemper without a rebound.
18:44 of 2nd period - Vincent Trocheck wins face-off versus Philip Varone in Eagles zone.
18:55 of 2nd period - Snap shot by Bryan Rust.
18:55 of 2nd period - Stopped by Darcy Kuemper with a rebound.
18:57 of 2nd period - Wrist shot by David Savard.
18:57 of 2nd period - Shot Blocked by Jarred Tinordi.
18:59 of 2nd period - Slapshot by Bryan Rust.
18:59 of 2nd period - Stopped by Darcy Kuemper with a rebound.
19:33 of 2nd period - Jarred Tinordi is hit by Tanner Pearson and loses puck.
Goals for this period are 3 for Heat vs 1 for Eagles.
Shots for this period are 14 for Heat vs 8 for Eagles.
3rd period
0:01 of 3rd period - Vincent Trocheck wins face-off versus Philip Varone in neutral zone.
0:11 of 3rd period - Snap shot by Esa Lindell.
0:11 of 3rd period - Deflect By Philip Varone.
0:11 of 3rd period - Shot Misses the Net.
0:11 of 3rd period - Puck is out of play.
0:12 of 3rd period - Philip Varone wins face-off versus Vincent Trocheck in Eagles zone.
0:15 of 3rd period - Slapshot by Bryan Rust.
0:15 of 3rd period - Stopped by Darcy Kuemper without a rebound.
0:16 of 3rd period - Vincent Trocheck wins face-off versus Philip Varone in Eagles zone.
0:25 of 3rd period - Bryan Rust is hit by Daniel Carr and loses puck.
0:27 of 3rd period - Penalty to Anthony Duclair is over, Anthony Duclair is back on ice.
0:50 of 3rd period - Snap shot by Drake Caggiula.
0:50 of 3rd period - Shot Misses the Net.
1:04 of 3rd period - Jonathan Marchessault is hit by Jake DeBrusk and loses puck.
2:43 of 3rd period - Slapshot by Esa Lindell.
2:43 of 3rd period - Shot Blocked by Jarred Tinordi.
3:01 of 3rd period - Slapshot by Esa Lindell.
3:01 of 3rd period - Stopped by Darcy Kuemper without a rebound.
3:02 of 3rd period - Philip Varone wins face-off versus Vincent Trocheck in Eagles zone.
3:05 of 3rd period - Snap shot by Bryan Rust.
3:05 of 3rd period - Stopped by Darcy Kuemper with a rebound.
3:07 of 3rd period - Wrist shot by Bryan Rust.
3:07 of 3rd period - Shot Misses the Net.
3:09 of 3rd period - Snap shot by Philip Varone.
3:09 of 3rd period - Shot Blocked by Mark Mancari.
3:11 of 3rd period - Slapshot by Greg Pateryn.
3:11 of 3rd period - Stopped by Darcy Kuemper without a rebound.
3:12 of 3rd period - Drake Caggiula wins face-off versus Philip Varone in Eagles zone.
3:52 of 3rd period - Slapshot by Anthony Duclair.
3:52 of 3rd period - Stopped by Antti Raanta without a rebound.
3:53 of 3rd period - Vincent Trocheck wins face-off versus Ryan Spooner in Heat zone.
3:56 of 3rd period - Snap shot by Mark Mancari.
3:56 of 3rd period - Shot Blocked by Greg Pateryn.
3:58 of 3rd period - Snap shot by Daniel Carr.
3:58 of 3rd period - Shot Misses the Net.
4:00 of 3rd period - Slapshot by Vincent Trocheck.
4:00 of 3rd period - Goal by Vincent Trocheck - Heat : 4 - Eagles : 2.
4:01 of 3rd period - Vincent Trocheck wins face-off versus Philip Varone in neutral zone.
4:08 of 3rd period - Wrist shot by Vincent Trocheck.
4:08 of 3rd period - Shot Misses the Net.
4:10 of 3rd period - Backhand shot by Daniel Carr.
4:10 of 3rd period - Goal by Daniel Carr - Heat : 4 - Eagles : 3.
4:11 of 3rd period - Vincent Trocheck wins face-off versus Philip Varone in neutral zone.
4:19 of 3rd period - Minor Penalty to Bryan Rust for Tripping.
4:20 of 3rd period - Philip Varone wins face-off versus Vincent Trocheck in Heat zone.
6:19 of 3rd period - Penalty to Bryan Rust is over, Bryan Rust is back on ice.
6:24 of 3rd period - Icing by David Savard.
6:25 of 3rd period - Drake Caggiula wins face-off versus Ryan Spooner in Heat zone.
6:40 of 3rd period - Slapshot by Zach Aston-Reese.
6:40 of 3rd period - Goal by Zach Aston-Reese - Heat : 4 - Eagles : 4.
6:41 of 3rd period - Philip Varone wins face-off versus Vincent Trocheck in neutral zone.
7:02 of 3rd period - Minor Penalty to Bryan Rust for Holding.
7:03 of 3rd period - Vincent Trocheck wins face-off versus Philip Varone in Heat zone.
7:51 of 3rd period - Wrist shot by Ryan Spooner.
7:51 of 3rd period - Stopped by Darcy Kuemper with a rebound.
7:53 of 3rd period - Wrist shot by Tanner Pearson.
7:53 of 3rd period - Stopped by Darcy Kuemper with a rebound.
7:55 of 3rd period - Snap shot by Ryan Spooner.
7:55 of 3rd period - Stopped by Darcy Kuemper without a rebound.
7:56 of 3rd period - Vincent Trocheck wins face-off versus Philip Varone in Eagles zone.
9:02 of 3rd period - Penalty to Bryan Rust is over, Bryan Rust is back on ice.
9:13 of 3rd period - Slapshot by Thomas Chabot.
9:13 of 3rd period - Deflect By Mathieu Brodeur.
9:13 of 3rd period - Stopped by Antti Raanta with a rebound.
9:19 of 3rd period - Snap shot by Greg Pateryn.
9:19 of 3rd period - Stopped by Darcy Kuemper without a rebound.
9:20 of 3rd period - Philip Varone wins face-off versus Zach Aston-Reese in Eagles zone.
10:10 of 3rd period - Wrist shot by Vincent Trocheck.
10:10 of 3rd period - Shot Blocked by Colby Cohen.
10:24 of 3rd period - Kevin Labanc is hit by Zach Aston-Reese and loses puck.
11:21 of 3rd period - Snap shot by Jake DeBrusk.
11:21 of 3rd period - Stopped by Darcy Kuemper without a rebound.
11:22 of 3rd period - Philip Varone wins face-off versus Jonathan Marchessault in Eagles zone.
11:23 of 3rd period - Wrist shot by Bryan Rust.
11:23 of 3rd period - Shot Misses the Net.
11:49 of 3rd period - Greg Pateryn is hit by Vincent Trocheck and loses puck.
12:14 of 3rd period - Slapshot by Thomas Chabot.
12:14 of 3rd period - Stopped by Antti Raanta with a rebound.
12:16 of 3rd period - Slapshot by Thomas Chabot.
12:16 of 3rd period - Shot Blocked by Chris Brown.
12:30 of 3rd period - Snap shot by Jonathan Marchessault.
12:30 of 3rd period - Deflect By Dmitrij Jaskin.
12:30 of 3rd period - Shot Blocked by Kevin Labanc.
12:30 of 3rd period - Puck is out of play.
12:31 of 3rd period - Victor Rask wins face-off versus Anthony Duclair in Heat zone.
12:42 of 3rd period - Jarred Tinordi is hit by David Savard and loses puck.
13:21 of 3rd period - Wrist shot by Kevin Labanc.
13:21 of 3rd period - Stopped by Darcy Kuemper with a rebound.
13:43 of 3rd period - Wrist shot by Dmitrij Jaskin.
13:43 of 3rd period - Deflect By Esa Lindell.
13:43 of 3rd period - Shot Blocked by David Savard.
13:43 of 3rd period - Puck is out of play.
13:44 of 3rd period - Vincent Trocheck wins face-off versus Philip Varone in Heat zone.
13:51 of 3rd period - Snap shot by Daniel Carr.
13:51 of 3rd period - Shot Blocked by Mathieu Brodeur.
13:53 of 3rd period - Slapshot by Joel Edmundson.
13:53 of 3rd period - Shot Blocked by Greg Pateryn.
13:55 of 3rd period - Wrist shot by Jarred Tinordi.
13:55 of 3rd period - Stopped by Antti Raanta with a rebound.
13:57 of 3rd period - Snap shot by Mark Mancari.
13:57 of 3rd period - Shot Blocked by Greg Pateryn.
13:59 of 3rd period - Snap shot by Vincent Trocheck.
13:59 of 3rd period - Stopped by Antti Raanta with a rebound.
14:12 of 3rd period - Minor Penalty to Nick Cousins for Hooking.
14:13 of 3rd period - Philip Varone wins face-off versus Vincent Trocheck in Eagles zone.
15:00 of 3rd period - Wrist shot by Philip Varone.
15:00 of 3rd period - Goal by Philip Varone - Heat : 5 - Eagles : 4.
15:01 of 3rd period - Jake DeBrusk wins face-off versus Drake Caggiula in neutral zone.
15:26 of 3rd period - Ryan Murphy is hit by Kevin Labanc.
15:34 of 3rd period - Snap shot by Jonathan Marchessault.
15:34 of 3rd period - Stopped by Antti Raanta with a rebound.
15:36 of 3rd period - Slapshot by Joel Edmundson.
15:36 of 3rd period - Shot Blocked by Victor Rask.
15:52 of 3rd period - Wrist shot by Philip Varone.
15:52 of 3rd period - Stopped by Darcy Kuemper with a rebound.
15:54 of 3rd period - Slapshot by David Savard.
15:54 of 3rd period - Stopped by Darcy Kuemper with a rebound.
15:56 of 3rd period - Snap shot by Philip Varone.
15:56 of 3rd period - Shot Misses the Net.
16:10 of 3rd period - Wrist shot by Peter Cehlarik.
16:10 of 3rd period - Stopped by Darcy Kuemper with a rebound.
16:12 of 3rd period - Wrist shot by Chris Brown.
16:12 of 3rd period - Shot Blocked by Joel Edmundson.
16:14 of 3rd period - Wrist shot by Chris Brown.
16:14 of 3rd period - Shot Blocked by Jarred Tinordi.
16:16 of 3rd period - Slapshot by Greg Pateryn.
16:16 of 3rd period - Shot Blocked by Dmitrij Jaskin.
16:26 of 3rd period - Slapshot by Kevin Labanc.
16:26 of 3rd period - Shot Blocked by Joel Edmundson.
16:28 of 3rd period - Slapshot by Rasmus Andersson.
16:28 of 3rd period - Stopped by Darcy Kuemper without a rebound.
16:29 of 3rd period - Victor Rask wins face-off versus Zach Aston-Reese in Eagles zone.
16:30 of 3rd period - Snap shot by Matthew Nieto.
16:30 of 3rd period - Shot Blocked by John Ramage.
16:32 of 3rd period - Snap shot by Kevin Labanc.
16:32 of 3rd period - Shot Misses the Net.
16:38 of 3rd period - Slapshot by Matthew Nieto.
16:38 of 3rd period - Stopped by Darcy Kuemper without a rebound.
16:39 of 3rd period - Zach Aston-Reese wins face-off versus Ryan Spooner in Eagles zone.
16:39 of 3rd period - Zach Aston-Reese is hit by Ryan Spooner.
16:57 of 3rd period - Slapshot by Zach Aston-Reese.
16:57 of 3rd period - Deflect By Vincent Trocheck.
16:57 of 3rd period - Shot Misses the Net.
16:57 of 3rd period - Puck is out of play.
16:58 of 3rd period - Jonathan Marchessault wins face-off versus Philip Varone in Heat zone.
16:59 of 3rd period - Wrist shot by Dmitrij Jaskin.
16:59 of 3rd period - Shot Misses the Net.
17:01 of 3rd period - Snap shot by Anthony Duclair.
17:01 of 3rd period - Stopped by Antti Raanta with a rebound.
17:03 of 3rd period - Wrist shot by Jonathan Marchessault.
17:03 of 3rd period - Stopped by Antti Raanta without a rebound.
17:04 of 3rd period - Jonathan Marchessault wins face-off versus Philip Varone in Heat zone.
17:09 of 3rd period - Snap shot by Dmitrij Jaskin.
17:09 of 3rd period - Shot Misses the Net.
17:11 of 3rd period - Snap shot by Jonathan Marchessault.
17:11 of 3rd period - Shot Misses the Net.
17:13 of 3rd period - Snap shot by Dmitrij Jaskin.
17:13 of 3rd period - Shot Misses the Net.
17:15 of 3rd period - Slapshot by Anthony Duclair.
17:15 of 3rd period - Stopped by Antti Raanta with a rebound.
17:17 of 3rd period - Slapshot by Joel Edmundson.
17:17 of 3rd period - Stopped by Antti Raanta without a rebound.
17:18 of 3rd period - Ryan Spooner wins face-off versus Zach Aston-Reese in Heat zone.
17:18 of 3rd period - Jake DeBrusk is hit by Joel Edmundson and loses puck.
17:26 of 3rd period - Off-side.
17:27 of 3rd period - Daniel Carr wins face-off versus Ryan Spooner in neutral zone.
17:37 of 3rd period - Esa Lindell is hit by Jarred Tinordi and loses puck.
17:43 of 3rd period - Off-side.
17:44 of 3rd period - Philip Varone wins face-off versus Drake Caggiula in neutral zone.
18:30 of 3rd period - Minor Penalty to Ryan Murphy for Roughing.
18:31 of 3rd period - Vincent Trocheck wins face-off versus Philip Varone in Eagles zone.
18:31 of 3rd period - Vincent Trocheck is hit by Philip Varone.
18:44 of 3rd period - Slapshot by Esa Lindell.
18:44 of 3rd period - Deflect By Bryan Rust.
18:44 of 3rd period - Shot Blocked by Joel Edmundson.
18:44 of 3rd period - Puck is out of play.
18:45 of 3rd period - Joël Bouchard call a timeout for Eagles.
18:45 of 3rd period - Philip Varone wins face-off versus Vincent Trocheck in Eagles zone.
18:48 of 3rd period - Wrist shot by Tanner Pearson.
18:48 of 3rd period - Shot Misses the Net.
18:56 of 3rd period - Wrist shot by Tanner Pearson.
18:56 of 3rd period - Stopped by Darcy Kuemper with a rebound.
18:58 of 3rd period - Slapshot by Esa Lindell.
18:58 of 3rd period - Stopped by Darcy Kuemper without a rebound.
18:59 of 3rd period - Vincent Trocheck wins face-off versus Philip Varone in Eagles zone.
Goals for this period are 1 for Heat vs 3 for Eagles.
Shots for this period are 18 for Heat vs 13 for Eagles.